 Dungeon Crawl Stone Soup version 0.23.2-30-g0e89c35649 (webtiles) character file.

Game seed: 11217210771644521457

129 gilanor the Skirmisher (level 5, 0/33 HPs)
             Began as a Gargoyle Fighter on June 16, 2019.
             Slain by an orc priest
             ... wielding a +0 trident
              (2 damage)
             ... on level 3 of the Dungeon.
             The game lasted 00:03:43 (1776 turns).

gilanor the Skirmisher (Gargoyle Fighter)           Turns: 1776, Time: 00:03:45

Health: 0/33       AC: 14    Str: 19    XL:     5   Next: 12%
Magic:  5/5        EV:  7    Int:  9    God:
Gold:   89         SH:  9    Dex: 10    Spells: 3/4 levels left

rFire    + . .     SeeInvis .   s - +3 whip (elec)
rCold    . . .     Gourm    .   c - +0 shield
rNeg     + . .     Faith    .   b - +0 scale mail
rPois    ∞         Spirit   .   (no helmet)
rElec    +         Reflect  .   (no cloak)
rCorr    +         Harm     .   m - +2 pair of gloves
MR       .....                  (no boots)
Stlth    ..........             (no amulet)
HPRegen  0.11/turn              j - ring of protection from fire
MPRegen  0.09/turn              k - ring of resist corrosion

@: no status effects
A: negative energy resistance 1, electricity resistance, unbreathing,
petrification resistance, rot immunity, AC +4
a: no special abilities


You were on level 3 of the Dungeon.
You were not hungry.

You visited 1 branch of the dungeon, and saw 3 of its levels.

You collected 89 gold pieces.

Inventory:

Hand Weapons
 a - a +0 flail
 s - a +3 whip of electrocution (weapon)
Armour
 b - a +0 scale mail (worn)
 c - a +0 shield (worn)
 m - a +2 pair of gloves (worn)
 p - a +0 large shield
 t - a +0 ring mail of fire resistance
Jewellery
 j - a ring of protection from fire (left hand)
 k - a ring of resist corrosion (right hand)
Scrolls
 f - a scroll of vulnerability {unknown}
 g - 2 scrolls of identify {unknown}
 i - 2 scrolls of enchant armour {unknown}
 r - a scroll of fog {unknown}
Potions
 d - a potion of might
 e - 2 potions of degeneration {unknown}
 h - a potion of berserk rage {unknown}
 l - a potion of flight {unknown}
 o - 2 potions of curing {unknown}
 q - a potion of invisibility {unknown}
Comestibles
 n - 2 rations


   Skills:
 + Level 4.2 Fighting
 * Level 3.4 Maces & Flails
 + Level 4.0 Armour
 + Level 3.9 Shields


You had 3 spell levels left.
You knew the following spells:

 Your Spells              Type           Power        Failure   Level  Hunger
a - Corona                Hex            #......      99%         1    ##.....

Your spell library contained the following spells:

 Spells                   Type           Power        Failure   Level  Hunger
 Ensorcelled Hibernation  Hex/Ice        #.....       100%        2    ###....
 Confuse                  Hex            #.......     100%        3    ####...
 Dazzling Spray           Conj/Hex       #.....       100%        3    ####...
 Tukima's Dance           Hex            #.......     100%        3    ####...


Dungeon Overview and Level Annotations

Branches:
Dungeon (3/15)

Altars:


Innate Abilities, Weirdness & Mutations

You are resistant to torment.
Your stone body is resilient. (AC +4)
You are immune to poison.
You resist negative energy. (rN+)
You are resistant to electric shocks. (rElec)
You can survive without breathing.
You are immune to petrification.
You are immune to rotting.


Message History

Items here: $ )) ? [[ †† You hit the orc priest but do no damage.
You block the orc priest's attack.
You closely miss the orc priest.
The orc priest invokes the aid of Beogh against you.
You barely resist. You closely miss the orc priest.
The orc priest miscasts a cantrip.
You barely miss the orc priest.
The orc priest mumbles some strange prayers to Beogh against you.
Pain shoots through your body!
* * * LOW HITPOINT WARNING * * *
You hit the orc priest.
The orc priest is heavily wounded.
The orc priest hits you with a +0 trident.
* * * LOW HITPOINT WARNING * * *
You hit the orc priest.
The orc priest is almost dead.
The orc priest hits you with a +0 trident.
You die...

......##### .. ###...
.## #(.## ... ...#
..##### #.. #..# ###
##.?# #o.# # #@# #
..### ##.# #
...$..#..#############
#
#...........)....####
##..############.....
....## ###### ..####


You could see an orc priest.

Vanquished Creatures
  An orc priest (D:3)
  An adder (D:2)
  An ooze (D:2)
  A worm (D:2)
  A dart slug (D:1)
  3 leopard geckos
  8 orcs (D:3)
  7 bats
  5 giant cockroaches
  7 goblins
  7 hobgoblins
  6 jackals
  8 kobolds
  A quokka (D:2)
  A ball python (D:1)
  3 frilled lizards
  5 rats
66 creatures vanquished.

Notes
Turn   | Place    | Note
-------+----------+-------------------------------------------
     0 | D:1      | gilanor the Gargoyle Fighter began the quest for the Orb.
     0 | D:1      | Reached XP level 1. HP: 14/14 MP: 1/1
    79 | D:1      | Reached XP level 2. HP: 13/19 MP: 2/2
   521 | D:1      | Reached XP level 3. HP: 24/24 MP: 3/3
  1180 | D:2      | Reached XP level 4. HP: 29/29 MP: 4/4
  1273 | D:2      | Learned a level 1 spell: Corona
  1768 | D:3      | Reached XP level 5. HP: 7/33 MP: 5/5
  1776 | D:3      | Slain by an orc priest

Skill      XL: |  1  2  3  4  5 |
---------------+----------------+-----
Fighting       | 4 |  4.2
Maces & Flails | 3 |  3.4
Armour         | 4 |  4.0
Shields        | |  3.9

Action                   |  1- 3 |  4- 6 || total
-------------------------+-------+-------++-------
Melee: Flail             |   145 |    34 ||   179
       Whip              |       |    23 ||    23
  Eat: Ration            |     1 |       ||     1
Armor: Scale mail        |    82 |    17 ||    99
Dodge: Dodged            |    64 |     7 ||    71
Block: Shield            |    87 |    28 ||   115
